 Dungeon Crawl Stone Soup version 0.30.0-17-ge0270778cf (webtiles) character file.

Game seed: 16976074554473608439

112 GloriousHammer the Firebug (level 4, 0/24 HPs)
             Began as a Gargoyle Fire Elementalist on May 22, 2023.
             Slain by a centaur
             ... wielding a staff of death
              (1 damage)
             ... on level 4 of the Dungeon.
             The game lasted 00:05:50 (2472 turns).

GloriousHammer the Firebug (GrFE)                   Turns: 2472, Time: 00:05:51

Health: 0/24       AC:  5    Str: 12    XL:     4   Next: 95%
Magic:  1/8        EV: 11    Int: 17    God:
Gold:   135        SH:  0    Dex: 10    Spells: 1/8 levels left

rFire   + . .        a - +0 whip
rCold   x . .        (no shield)
rNeg    + . .        j - +0 robe
rPois   ∞            (no helmet)
rElec   +            (no cloak)
rCorr   .            (no gloves)
SInv    .            (no boots)
Will    .....        (no amulet)
Stlth   ++           F - ring of fire
HPRegen 0.24/turn    (no ring)
MPRegen 0.11/turn

%: no passive effects
@: no status effects
A: sickness immunity, AC +3, negative energy resistance 1, electricity
resistance, torment resistance 1, petrification resistance
a: no special abilities


You were on level 4 of the Dungeon.
You visited 1 branch of the dungeon, and saw 4 of its levels.

You collected 135 gold pieces.

Inventory:

Hand Weapons
 a - a +0 whip (weapon)
 b - a +0 sling
Missiles
 h - 8 poisoned darts
Armour
 j - a +0 robe (worn)
Jewellery
 F - a ring of fire (left hand)
Scrolls
 c - a scroll of vulnerability {unknown}
 e - a scroll of fog {unknown}
 g - 5 scrolls of identify {unknown}
 i - a scroll of silence {unknown}
 m - a scroll of magic mapping {unknown}
 n - a scroll of blinking {unknown}
 p - a scroll of fear {unknown}
 r - a scroll of amnesia {unknown}
 s - 4 scrolls of enchant weapon {unknown}
Potions
 d - a potion of mutation {unknown}
 f - a potion of attraction {unknown}
 k - 3 potions of flight {unknown}
 l - a potion of haste {unknown}
 o - a potion of magic
 q - a potion of brilliance {unknown}
 t - a potion of resistance {unknown}


   Skills:
 - Level 1.5 Dodging
 - Level 2.1 Stealth
 + Level 2.8 Spellcasting
 + Level 2.6 Conjurations
 * Level 4.3 Fire Magic


You had one spell level left.
You knew the following spells:

 Your Spells              Type           Power      Damage    Failure   Level
a - Foxfire               Conj/Fire      84%        2x1d8     4%          1
b - Scorch                Fire           50%        2d7       4%          2
c - Flame Wave            Conj/Fire      21%        2d8       38%         4

Your spell library contained the following spells:

 Spells                   Type           Power      Damage    Failure   Level
 Sting                    Tmut/Pois      8%         1d3       19%         1
 Summon Small Mammal      Summ           8%         N/A       19%         1
 Inner Flame              Hex/Fire       14%        N/A       22%         3
 Volatile Blastmotes      Fire/Tloc      28%        2d12      22%         3
 Ensorcelled Hibernation  Hex/Ice        4%         N/A       26%         2
 Passwall                 Tmut/Erth      1%         N/A       26%         2
 Poisonous Vapours        Pois/Air       4%         N/A       26%         2
 Call Canine Familiar     Summ           2%         N/A       47%         3
 Summon Guardian Golem    Hex/Summ       2%         N/A       47%         3
 Swiftness                Air            2%         N/A       47%         3
 Leda's Liquefaction      Hex/Erth       1%         N/A       87%         4
 Olgreb's Toxic Radiance  Pois           2%         N/A       87%         4
 Petrify                  Tmut/Erth      2%         N/A       87%         4
 Death's Door             Necr           1%         N/A       100%        9
 Sublimation of Blood     Necr           Unusable   N/A       N/A         2

Dungeon Overview and Level Annotations

Branches:
Dungeon (4/15)
 Temple: D:4-7

Altars:
Makhleb


Innate Abilities, Weirdness & Mutations

You are immune to sickness and miasma.
Your stone body is resilient. (AC +3)
You are immune to poison.
You resist negative energy. (rN+)
You are resistant to electric shocks. (rElec)
You are resistant to unholy torment.
You are immune to petrification.


Message History

Your foxfire dissipates! x2
HP restored.
Found 5 stones.
There is a faded altar of an unknown god here.
This altar belongs to (a) Qazlal, (b) Jiyva or (c) Ashenzari, but you can't tell which.
Press the corresponding letter to learn more about a god, or press enter to convert or escape to cancel.
Okay, then.
You now have 80 gold pieces (gained 8).
A bat comes into view.
The bat moves out of view.
You pick up a Young Poisoner's Handbook and begin reading...
You add the spells Sting, Poisonous Vapours and Olgreb's Toxic Radiance to your library.
A bat is nearby!
Casting: Foxfire (safe; 4% risk of failure)
Confirm with . or Enter, or press ? or * to list all spells.
You feel a surge of power!
You conjure some foxfire!
The bat hits you.
The foxfire hits the bat.
You kill the bat!
Casting: Foxfire (safe; 4% risk of failure)
Confirm with . or Enter, or press ? or * to list all spells.
You feel a surge of power!
You conjure some foxfire!
Your foxfire dissipates!
Your foxfire dissipates!
Your foxfire dissipates!
You now have 97 gold pieces (gained 17).
You now have 108 gold pieces (gained 11).
Found 5 stones.
You see here 5 stones.
g - 3 scrolls labelled REUXTO ETRE (gained 1)
g - 4 scrolls labelled REUXTO ETRE (gained 1)
Found a stone staircase leading up.
You open the door.
There is an open door here.
Found a mace.
An endoplasm comes into view.
Found 5 poisoned darts.
An endoplasm is nearby!
An endoplasm is nearby!
Casting: Foxfire (safe; 4% risk of failure)
Confirm with . or Enter, or press ? or * to list all spells.
You feel a surge of power!
You conjure some foxfire!
The endoplasm quivers.
Your foxfire dissipates!
Casting: Foxfire (safe; 4% risk of failure)
Confirm with . or Enter, or press ? or * to list all spells.
You feel a surge of power!
You conjure some foxfire!
The foxfire hits the endoplasm!
You kill the endoplasm!
s - 4 scrolls labelled UQIP KESULO (gained 1)
Your foxfire dissipates!
Your foxfire dissipates!
You see here a +0 mace.
h - 8 poisoned darts (gained 5)
A bat comes into view.
A bat is nearby!
Casting: Foxfire (safe; 4% risk of failure)
Confirm with . or Enter, or press ? or * to list all spells.
You feel a surge of power!
You conjure some foxfire!
The bat misses you.
The foxfire hits the bat.
You kill the bat!
Your foxfire dissipates!
A hobgoblin comes into view.
The hobgoblin shouts!
A hobgoblin is nearby!
Casting: Foxfire (safe; 4% risk of failure)
Confirm with . or Enter, or press ? or * to list all spells.
You feel a surge of power!
You conjure some foxfire!
The foxfire hits the hobgoblin.
The hobgoblin is lightly wounded.
Your foxfire dissipates!
The hobgoblin barely misses you.
Casting: Foxfire (safe; 4% risk of failure)
Confirm with . or Enter, or press ? or * to list all spells.
You feel a surge of power!
You conjure some foxfire!
The hobgoblin hits you.
Casting: Foxfire (safe; 4% risk of failure)
Confirm with . or Enter, or press ? or * to list all spells.
You feel a surge of power!
You conjure some foxfire!
The foxfire hits the hobgoblin.
You kill the hobgoblin!
Found the Textbook on the Doomed Syncline.
Your foxfire dissipates!
You pick up the Textbook on the Doomed Syncline and begin reading...
You add the spells Leda's Liquefaction, Petrify and Death's Door to your library.
Done exploring.
Done exploring.
Done exploring.
Okay, then.
Casting: Foxfire (safe; 4% risk of failure)
Confirm with . or Enter, or press ? or * to list all spells.
Okay, then.
Search for what [Enter for "."]? .
(D) Dungeon
Where to? (Enter - D:3, ? - help)
There is a stone staircase leading down here.
You climb downwards.
Found a fuming inky potion.
There is a stone staircase leading up here.
k - 2 fuming inky potions (gained 1)
You open the door.
An endoplasm comes into view.
The endoplasm quivers.
The endoplasm jiggles.
Found 11 gold pieces.
An endoplasm is nearby!
There is an open door here.
The endoplasm freezes you.
You are frozen.
You feel a terrible chill!
Casting: Foxfire (safe; 4% risk of failure)
Confirm with . or Enter, or press ? or * to list all spells.
You feel a surge of power!
You conjure some foxfire!
The endoplasm hits you.
Found a stone staircase leading down.
The foxfire hits the endoplasm.
The endoplasm is moderately wounded.
The foxfire hits the endoplasm.
You kill the endoplasm!
You now have 119 gold pieces (gained 11).
Magic restored.
HP restored.
You open the door.
Found a stone staircase leading up.
There is an open door here.
There is a stone staircase leading up here.
k - 3 fuming inky potions (gained 1)
Found a stone staircase leading down.
Found a leather armour.
Found a stone staircase leading down.
You now have 135 gold pieces (gained 16).
Found a mace.
t - a viscous green potion You open the door.
There is an open door here.
g - 5 scrolls labelled REUXTO ETRE (gained 1)
You open the door.
There is an open door here.
Found a whip.
Found a burning altar of Makhleb.
A centaur comes into view. It is wielding a staff of death.
The centaur shouts!
The centaur wields a +0 shortbow.
The centaur shoots an arrow.
The arrow barely misses you.
Casting: Foxfire (safe; 4% risk of failure)
Confirm with . or Enter, or press ? or * to list all spells.
You feel a surge of power!
You conjure some foxfire!
A giant cockroach comes into view.
Your foxfire dissipates!
The foxfire hits the centaur.
The centaur is lightly wounded.
The centaur shoots an arrow.
The arrow hits you.
The centaur shoots an arrow.
The arrow closely misses you.
Casting: Foxfire (safe; 4% risk of failure)
Confirm with . or Enter, or press ? or * to list all spells.
You feel a surge of power!
You conjure some foxfire!
Casting: Foxfire (safe; 4% risk of failure)
Confirm with . or Enter, or press ? or * to list all spells.
You feel a surge of power!
There is not enough space to conjure foxfire!
The foxfire hits the centaur but does no damage.
The centaur is lightly wounded.
The foxfire hits the centaur but does no damage.
The centaur is lightly wounded.
The centaur shoots an arrow.
The arrow closely misses you.
The centaur shoots an arrow.
The arrow hits you!
Ouch! That really hurt!
Casting: Foxfire (safe; 4% risk of failure)
Confirm with . or Enter, or press ? or * to list all spells.
You feel a surge of power!
Flames lash the centaur.
The centaur is moderately wounded.
The centaur's fire resistance burns away.
The centaur shoots an arrow.
The arrow hits you.
* * * LOW HITPOINT WARNING * * *
Casting: Scorch (safe; 4% risk of failure)
Confirm with . or Enter, or press ? or * to list all spells.
You feel a surge of power!
You conjure some foxfire!
The foxfire hits the centaur!
The centaur is burned terribly!
The centaur is heavily wounded.
You hit the centaur.
The centaur is severely wounded.
The centaur is no longer more vulnerable to fire.
The foxfire hits the centaur.
The centaur is severely wounded.
Casting: Foxfire (safe; 4% risk of failure)
Confirm with . or Enter, or press ? or * to list all spells.
You feel a surge of power!
You conjure some foxfire!
The centaur unwields a +0 shortbow.
The centaur wields a staff of death.
The centaur closely misses you. x2
The centaur hits you with a staff of death.
* * * LOW HITPOINT WARNING * * *
You writhe in agony.
* * * LOW HITPOINT WARNING * * *
The centaur kicks you but does no damage.
You hit the centaur but do no damage.
The centaur is severely wounded.
The foxfire hits the centaur.
The centaur is almost dead.
The centaur hits you but does no damage.
The centaur kicks you.
* * * LOW HITPOINT WARNING * * *
Casting: Foxfire (safe; 4% risk of failure)
Confirm with . or Enter, or press ? or * to list all spells.
You feel a surge of power!
Flames lash the giant cockroach.
The giant cockroach is almost dead.
The giant cockroach's fire resistance burns away.
The centaur hits you with a staff of death.
You die...

##..# #...#.#
......# #... .#
#.##..##.#
#........ #.##B##.#
#.##c##.# #.#
#.##@...# #.#
#.#####.# ##.##
#.#####.#
##...####.......#
#............##.#
##...#.#####.##.#
#.###.##.#####.##.#
#.................#
#####.##.#####.####


You could see a centaur and a giant cockroach (combustible).

Vanquished Creatures
  A jelly (D:3)
  3 adders
  2 dart slugs (D:2)
  An orc (D:3)
  7 endoplasms
  5 giant cockroaches
  5 hobgoblins
  2 jackals (D:2)
  2 kobolds
  2 quokkas
  5 ball pythons
  8 bats
  3 frilled lizards
  5 rats
51 creatures vanquished.

Vanquished Creatures (others)
  125 foxfires
125 creatures vanquished.

Grand Total: 176 creatures vanquished

Notes
Turn   | Place    | Note
-------+----------+-------------------------------------------
     0 | D:1      | GloriousHammer the Gargoyle Fire Elementalist began the
                  | quest for the Orb.
     0 | D:1      | Reached XP level 1. HP: 10/10 MP: 3/3
   269 | D:1      | Reached XP level 2. HP: 15/15 MP: 1/5
   757 | D:1      | Learned a level 2 spell: Scorch
   887 | D:2      | Reached XP level 3. HP: 12/19 MP: 1/6
  1689 | D:3      | Reached XP level 4. HP: 24/24 MP: 4/7
  1694 | D:3      | Learned a level 4 spell: Flame Wave
  1855 | D:3      | Found a faded altar of an unknown god.
  1861 | D:3      | Reached skill level 4 in Fire Magic
  2230 | D:3      | Got the Textbook on the Doomed Syncline
  2386 | D:4      | Found a burning altar of Makhleb.
  2461 | D:4      | Noticed a centaur
  2471 | D:4      | HP: 1/24 [centaur/staff of death (3)]
  2472 | D:4      | Slain by a centaur

Illustrated notes

Levels and vault maps discovered:
D:1:      evilmike_arrival_crescent, layout_rooms, minmay_tetromino_i2
D:2:      layout_basic
D:3:      layout_basic, hellmonk_ecumenical_altar_lost_god
D:4:      layout_loops_corners, bloody_makhleb, serial_shops, shop, shop, shop

Skill      XL: |  1  2  3  4 |
---------------+-------------+-----
Conjurations   | 2 |  2.6
Fire Magic     | 4 |  4.3
Dodging        | |  1.5
Stealth        | |  2.1
Spellcasting   | |  2.8

Action                     |  1- 3 |  4- 6 || total
---------------------------+-------+-------++-------
  Melee: Unarmed           |    19 |       ||    19
         Whip              |    55 |    13 ||    68
   Cast: Foxfire           |    55 |    29 ||    84
         Scorch            |     4 |     3 ||     7
   Stab: Sleeping          |     1 |       ||     1
 Armour: Robe              |    33 |     4 ||    37
  Dodge: Dodged            |    51 |    16 ||    67
